 Dungeon Crawl Stone Soup version 0.29-a0-1065-g47a6bb87d6 (webtiles) character file.

Game seed: 7524979413981170473

95 funkygono the Covered (level 4, -2/29 HPs)
             Began as a Gargoyle Fighter on Aug 18, 2022.
             Slain by Grinder (7 damage)
             ... while paralysed by Grinder
             ... on level 3 of the Dungeon.
             The game lasted 00:03:06 (2339 turns).

funkygono the Covered (Gargoyle Fighter)            Turns: 2339, Time: 00:03:07

Health: -2/29      AC: 11    Str: 21    XL:     4   Next: 65%
Magic:  4/4        EV:  2    Int:  9    God:
Gold:   60         SH:  0    Dex:  9    Spells: 3/3 levels left

rFire   . . .      SeeInvis .   a - +0 flail
rCold   . . .      Faith    .   c - +0 buckler
rNeg    + . .      Spirit   .   b - +0 scale mail
rPois   ∞          Reflect  .   k - +0 helmet
rElec   +          Harm     .   (no cloak)
rCorr   .          Rampage  .   (no gloves)
Will    .....                   (no boots)
Stlth   ..........              (no amulet)
HPRegen 0.09/turn               (no ring)
MPRegen 0.09/turn               (no ring)

@: paralysed
A: sickness immunity, AC +3, negative energy resistance 1, electricity
resistance, torment resistance 1, petrification resistance
a: no special abilities


You were on level 3 of the Dungeon.
You visited 1 branch of the dungeon, and saw 3 of its levels.

You collected 60 gold pieces.

Inventory:

Hand Weapons
 a - a +0 flail (weapon)
Missiles
 i - 3 poisoned darts (quivered)
Armour
 b - a +0 scale mail (worn)
 c - a +0 buckler (worn)
 k - a +0 helmet (worn)
Magical Staves
 p - a staff of conjuration
Scrolls
 f - 3 scrolls of identify {unknown}
 g - a scroll of blinking {unknown}
 h - a scroll of teleportation {unknown}
 j - a scroll of fog {unknown}
 m - a scroll of enchant armour {unknown}
Potions
 d - a potion of might
 e - 5 potions of curing
 l - a potion of mutation {unknown}
 n - a potion of degeneration {unknown}
 o - a potion of attraction {unknown}


   Skills:
 * Level 3.9 Fighting
 + Level 2.5 Maces & Flails
 + Level 4.0 Armour
 + Level 1.3 Dodging
 + Level 3.8 Shields


You had 3 spell levels left.
You didn't know any spells.
Your spell library contained the following spells:

 Spells                   Type           Power      Damage    Failure   Level
 Petrify                  Tmut/Erth      0%         N/A       100%        4
 Irradiate                Conj/Tmut      0%         3d11      100%        5
 Sublimation of Blood     Necr           Unusable   N/A       N/A         2

Dungeon Overview and Level Annotations

Branches:
Dungeon (3/15)

Altars:
Kikubaaqudgha

Shops:
D:1 (   D:2 *

Annotations:
D:3 Grinder


Innate Abilities, Weirdness & Mutations

You are immune to sickness and miasma.
Your stone body is resilient. (AC +3)
You are immune to poison.
You resist negative energy. (rN+)
You are resistant to electric shocks. (rElec)
You are resistant to unholy torment.
You are immune to petrification.


Message History

You see here a bat corpse.
Grinder hits you but does no damage.
You hit Grinder.
Grinder is lightly wounded.
Grinder hits you but does no damage.
You hit Grinder.
Grinder is moderately wounded.
Grinder hits you but does no damage.
You closely miss Grinder.
Grinder is moderately wounded.
Grinder hits you but does no damage. x2
You barely miss Grinder.
Grinder is lightly wounded.
Grinder hits you!
You writhe in agony.
You sock Grinder!
Grinder is heavily wounded.
Grinder closely misses you.
You closely miss Grinder.
Grinder is heavily wounded.
You block Grinder's attack.
You hit Grinder.
Grinder is severely wounded.
You block Grinder's attack. Grinder hits you but does no damage.
You hit Grinder but do no damage.
Grinder is severely wounded.
Grinder hits you but does no damage.
You barely miss Grinder.
Grinder is severely wounded.
Grinder barely misses you.
You hit Grinder but do no damage.
Grinder is severely wounded.
Grinder says, "I used to sell toenails on the black market."
Grinder hits you!
* * * LOW HITPOINT WARNING * * *
You writhe in agony.
* * * LOW HITPOINT WARNING * * *
Grinder gestures at you.
You suddenly lose the ability to move!
Grinder hits you!
You die...

#.#.###....##.....###
......................
#.#..........†....####
#.######.........>...
#.. ....###.#######
### ##.####..#######
#.............. #
#######.########## .
........5@††.....#
#######..#########
##...(..# .#
##.....#..# #.....#..#
#.....#..# ##....#..#
#.......# #.......#


You could see Grinder.

Vanquished Creatures
  Robin (D:2)
  2 adders
  2 worms
  2 ball pythons
  2 endoplasms (D:2)
  5 giant cockroaches
  12 goblins
  9 hobgoblins
  5 quokkas
  6 bats
  3 frilled lizards (D:2)
  A kobold (D:3)
  7 rats
57 creatures vanquished.

Notes
Turn   | Place    | Note
-------+----------+-------------------------------------------
     0 | D:1      | funkygono the Gargoyle Fighter began the quest for the Orb.
     0 | D:1      | Reached XP level 1. HP: 14/14 MP: 1/1
   386 | D:1      | Reached XP level 2. HP: 19/19 MP: 2/2
   625 | D:1      | Found Soovyras's Antique Weapon Emporium.
  1110 | D:2      | Reached XP level 3. HP: 24/24 MP: 3/3
  1313 | D:2      | Noticed Robin
  1319 | D:2      | Killed Robin
  1320 | D:2      | Reached skill level 1 in Dodging
  1340 | D:2      | Reached XP level 4. HP: 21/29 MP: 4/4
  1587 | D:2      | Reached skill level 4 in Armour
  1668 | D:2      | Found Viul Kuc's Assorted Antiques.
  1872 | D:2      | Found an ancient bone altar of Kikubaaqudgha.
  2301 | D:3      | Noticed Grinder
  2304 | D:3      | Paralysed by Grinder for 3 turns
  2338 | D:3      | Paralysed by Grinder for 3 turns
  2339 | D:3      | Slain by Grinder

Illustrated notes

Levels and vault maps discovered:
D:1:      elethiomel_arrival_quiet, layout_basic, serial_shops, shop_statue
D:2:      layout_rooms, serial_shops, nicolae_shop_behind_doors, basic_altar,
          patterned_corridor, uniq_robin
D:3:      layout_basic, uniq_grinder, uniq_crazy_yiuf_cottage

Skill      XL: |  1  2  3  4 |
---------------+-------------+-----
Dodging        | 1 |  1.3
Armour         | 4 |  4.0
Fighting       | |  3.9
Maces & Flails | |  2.5
Shields        | |  3.8

Action                   |  1- 3 |  4- 6 || total
-------------------------+-------+-------++-------
Melee: Flail             |   136 |    87 ||   223
Armor: Scale mail        |    95 |    55 ||   150
Dodge: Dodged            |    79 |    42 ||   121
Block: Buckler           |    33 |    21 ||    54

Table legend: (Time is in decaauts)
 A = Elapsed time spent in this place.
 B = Non-inter-level travel time spent in this place.
 C = Inter-level travel time spent in this place.
 D = Time resting spent in this place.
 E = Time spent auto-exploring this place.
 F = Levels seen in this place.
 G = Mean time per level.
                   A        B        C        D        E       F      G
               +--------+--------+--------+--------+--------+-----+--------+
         Total |   2410 |   2359 |     51 |      0 |   1807 |   3 |  803.3 |
       Dungeon |   2410 |   2359 |     51 |      0 |   1807 |   3 |  803.3 |
               +--------+--------+--------+--------+--------+-----+--------+

Top non-repeatable levels by time:
     D:1: 1126 daAuts
     D:2: 933 daAuts
     D:3: 350 daAuts
